 Dungeon Crawl Stone Soup version 0.20.1-1-g8b1a95d66d (webtiles) character file.

107 Popi the Slasher (level 5, -4/42 HPs)
             Began as a Human Fighter on Dec 18, 2017.
             Slain by an orc priest
             ... wielding a +0 war axe
              (7 damage)
             ... on level 3 of the Dungeon.
             The game lasted 00:03:03 (1887 turns).

Popi the Slasher (Human Fighter)                    Turns: 1887, Time: 00:03:03

Health: -4/42      AC: 10    Str: 17    XL:     5   Next: 11%
Magic:  5/5        EV:  9    Int:  9    God:
Gold:   147        SH:  0    Dex: 12    Spells: 4/4 levels left

rFire    . . .     SeeInvis .   a - +0 long sword
rCold    . . .     Gourm    .   (no shield)
rNeg     . . .     Faith    .   b - +0 scale mail
rPois    .         Spirit   .   p - +1 helmet
rElec    .         Reflect  .   (no cloak)
rCorr    .         Harm     .   l - +0 pair of gloves
MR       .....                  (no boots)
Stlth    ..........             (no amulet)
Regen    0.2/turn               (no ring)
MPRegen  0.1/turn               (no ring)

@: no status effects
A: no striking features
a: no special abilities


You were on level 3 of the Dungeon.
You were not hungry.

You visited 1 branch of the dungeon, and saw 3 of its levels.

You collected 147 gold pieces.

Inventory:

Hand Weapons
 a - a +0 long sword (weapon)
Armour
 b - a +0 scale mail (worn)
 c - a +0 shield
 l - a +0 pair of gloves (worn)
 p - a +1 helmet (worn)
Jewellery
 k - an uncursed ring of magical power
Scrolls
 h - 2 scrolls of identify
Potions
 d - 2 potions of might
 g - a potion of berserk rage {unknown}
 m - a potion of curing {unknown}
 s - a potion of lignification {unknown}
Comestibles
 f - 3 bread rations
 i - 4 chunks of flesh
 n - 2 meat rations


   Skills:
 + Level 3.8 Fighting
 - Level 4.2 Long Blades
 - Level 3.0 Armour
 - Level 3.0 Shields


You had 4 spell levels left.
You didn't know any spells.

Dungeon Overview and Level Annotations

Branches:
Dungeon (3/15)

Altars:
Gozag
Kikubaaqudgha
Makhleb


Message History

The orc priest is lightly wounded.
The orc priest hits you but does no damage.
You hit the orc priest.
The orc priest is moderately wounded.
The orc priest closely misses you.
You riposte.
You closely miss the orc priest.
The orc priest is moderately wounded.
You closely miss the orc priest.
The orc priest is moderately wounded.
The orc priest barely misses you.
You barely miss the orc priest.
The orc priest is moderately wounded.
The orc priest invokes the aid of Beogh against you.
Pain shoots through your body!
* * * LOW HITPOINT WARNING * * *
The orc priest barely misses you.
You slash the orc priest!
The orc priest is almost dead.
The orc priest hits you with a war axe!
You die...

#########
#.(.....#
#.......#
#.......#
#.......#
#.(<@o..##
#........##
#.........#######
#
#...............#
#
#.......#..##...##
##
##########....#..#
#. .# ##....#.###.
.## #...##..#.. ..
###...###..l#


You could see an orc priest.

Vanquished Creatures
  A hound (D:2)
  2 adders (D:2)
  2 worms (D:2)
  A leopard gecko (D:2)
  2 orcs (D:2)
  A ball python (D:2)
  A bat zombie (D:2)
  3 giant cockroaches
  6 goblins
  5 hobgoblins (D:2)
  3 jackals (D:2)
  A quokka (D:2)
  8 bats
  3 frilled lizards (D:1)
  3 kobolds
  7 rats
  2 rat zombies (D:2)
51 creatures vanquished.

Notes
Turn   | Place    | Note
-------+----------+-------------------------------------------
     0 | D:1      | Popi the Human Fighter began the quest for the Orb.
     0 | D:1      | Reached XP level 1. HP: 18/18 MP: 1/1
   219 | D:1      | Reached XP level 2. HP: 24/24 MP: 2/2
   329 | D:1      | Reached skill level 3 in Long Blades
   629 | D:2      | Reached XP level 3. HP: 29/29 MP: 3/3
   650 | D:2      | Found a burning altar of Makhleb.
   656 | D:2      | Reached skill level 4 in Long Blades
   656 | D:2      | Reached XP level 4. HP: 24/35 MP: 4/4
  1368 | D:2      | Found an ancient bone altar of Kikubaaqudgha.
  1593 | D:2      | Reached XP level 5. HP: 38/42 MP: 5/5
  1602 | D:2      | Found an opulent altar of Gozag.
  1886 | D:3      | HP: 2/42 [orc priest/nerve-wracking pain (14)]
  1887 | D:3      | Slain by an orc priest

Skill      XL: |  1  2  3 |
---------------+----------+-----
Long Blades    | 3 4 |  4.2
Fighting       | |  3.8
Armour         | |  3.0
Shields        | |  3.0

Action                   |  1- 3 |  4- 6 || total
-------------------------+-------+-------++-------
Melee: Long sword        |    73 |    76 ||   149
  Use: Scroll            |       |     7 ||     7
  Eat: Chunk             |       |     3 ||     3
Armor: Scale mail        |    48 |    62 ||   110
Dodge: Dodged            |    50 |    40 ||    90
       Rpst.: Long sword |    12 |    13 ||    25
